AoeStats
← thomas89671173

Fortress

508588807Analyzed
4v4 RM · 9d ago on Sep 23, 2026· 69m 17s· 8 players
Game mode
Random Map
Map size
Huge
Population
200
Speed
Normal
Resources
Standard
Victory
Conquest
Starting age
Dark Age
Ending age
Imperial Age
RankedLock teamsTeams togetherTeam positionsShared explorationLock speedFull tech treeHidden civsTurbo modeCheats
Victory
Defeat
🇲🇽 Malians · Mexico
1465
+10
🇲🇽 Bengalis · Mexico
1336
+15
🇵🇪 Goths · Peru
1242
+19
🇦🇷 Persians · Argentina
1218
+19
🇹🇼 Franks · Taiwan
1372
-18
🇪🇸 Saxons · Spain
1295
-15
🇯🇵 Spanish · Japan
1292
-15
🇨🇳 Franks · China
1290
-15
PeterWong1988
5:08 Loom
7:03 Feudal Age
12:14 Castle Age
10:23 Horse Collar
12:00 Double-Bit Axe
16:04 Heavy Plow
18:51 Town Watch
20:53 Gold Mining
21:19 Bow Saw
21:53 Padded Archer Armor
22:43 Wheelbarrow
25:42 Hand Cart
25:30 Town Patrol
29:59 Imperial Age
29:17 Husbandry
29:29 Bloodlines
29:47 Ballistics
30:10 Elite Conquistador
33:55 Two-Man Saw
36:40 Chemistry
38:37 Elite Skirmisher
40:14 Thumb Ring
40:11 Fletching
40:36 Leather Archer Armor
41:35 Conscription
42:53 Bodkin Arrow
43:29 Ring Archer Armor
44:29 Bracer
nico
6:33 Feudal Age
7:17 Loom
11:10 Castle Age
9:18 Loom
10:14 Double-Bit Axe
10:13 Horse Collar
15:18 Bow Saw
16:45 Wheelbarrow
19:03 Hand Cart
18:36 Town Watch
21:04 Fortified Wall
21:59 Scale Mail Armor
22:10 Forging
30:40 Imperial Age
28:55 Chain Mail Armor
30:03 Iron Casting
29:01 Elite Skirmisher
29:33 Fletching
30:40 Squires
30:26 Arson
31:01 Thumb Ring
31:00 Padded Archer Armor
31:02 Elite Varangian Guard
31:22 Shield Wall
32:46 Gambesons
34:05 Bodkin Arrow
34:43 Plate Mail Armor
35:46 Conscription
35:32 Bodkin Arrow
37:44 Hoardings
38:13 Crossbowman
39:10 Elite Hearth Troop
41:13 Caravan
42:14 Bracer
64:17 Ballistics
65:52 Leather Archer Armor
67:40 Thumb Ring
thomas89671173
7:46 Feudal Age
9:00 Double-Bit Axe
11:45 Castle Age
10:44 Fletching
12:27 Bodkin Arrow
12:47 Bow Saw
23:24 Loom
26:12 Wheelbarrow
25:45 Town Watch
27:25 Ballistics
28:19 Hand Cart
29:15 Husbandry
32:25 Imperial Age
32:31 Forging
32:50 Scale Barding Armor
32:30 Cavalier
34:02 Iron Casting
34:52 Chain Barding Armor
33:55 Paladin
35:41 Gold Mining
36:38 Plate Barding Armor
38:39 Blast Furnace
38:01 Light Cavalry
39:25 Chivalry
40:21 Gold Shaft Mining
39:55 Pikeman
41:08 Squires
40:31 Halberdier
42:03 Scale Mail Armor
44:15 Chain Mail Armor
48:51 Conscription
59:01 Elite Skirmisher
59:47 Padded Archer Armor
60:15 Caravan
60:48 Coinage
61:39 Leather Archer Armor
63:31 Chemistry
65:32 Banking
阿酷丶
7:55 Feudal Age
6:12 Loom
6:33 Loom
10:20 Double-Bit Axe
12:58 Castle Age
11:48 Wheelbarrow
12:49 Loom
16:40 Bow Saw
17:52 Gold Mining
18:10 Scale Barding Armor
19:19 Chain Barding Armor
19:10 Forging
22:20 Iron Casting
22:39 Husbandry
28:39 Imperial Age
25:54 Loom
27:50 Gold Shaft Mining
27:37 Hand Cart
27:24 Husbandry
29:01 Scale Mail Armor
29:02 Cavalier
30:25 Plate Barding Armor
30:51 Blast Furnace
29:53 Squires
29:39 Gambesons
29:35 Pikeman
30:33 Chain Mail Armor
30:30 Paladin
31:28 Halberdier
33:25 Conscription
39:23 Coinage
40:41 Elite Skirmisher
41:16 Fletching
41:26 Padded Archer Armor
41:57 Plate Mail Armor
41:13 Arson
45:10 Banking
44:41 Caravan
46:54 Stone Mining
60:30 Bodkin Arrow
60:51 Leather Archer Armor
60:58 Leather Archer Armor
61:24 Fortified Wall
61:36 Ballistics
AZG021113
7:32 Feudal Age
8:51 Loom
11:36 Castle Age
9:54 Horse Collar
10:00 Double-Bit Axe
15:01 Fletching
15:34 Heavy Plow
15:52 Light Cavalry
17:48 Bloodlines
19:47 Bow Saw
20:01 Scale Barding Armor
21:41 Wheelbarrow
20:56 Town Watch
21:20 Husbandry
23:28 Hand Cart
24:14 Chain Barding Armor
28:19 Imperial Age
26:19 Forging
26:50 Gold Mining
28:04 Iron Casting
29:23 Conscription
29:09 Farimba
29:31 Conscription
30:03 Plate Barding Armor
31:09 Bodkin Arrow
32:43 Chemistry
34:42 Heavy Camel Rider
41:37 Crop Rotation
42:37 Scale Mail Armor
43:37 Bodkin Arrow
44:08 Ballistics
43:59 Masonry
50:12 Tigui
51:28 Town Patrol
52:04 Coinage
51:46 Guilds
63:21 Caravan
63:52 Banking
[GDL] ColimoteStudioS
8:12 Feudal Age
12:44 Castle Age
10:58 Horse Collar
11:05 Double-Bit Axe
14:07 Wheelbarrow
14:18 Bow Saw
16:27 Fletching
17:59 Bodkin Arrow
21:08 Padded Archer Armor
21:26 Heavy Plow
22:34 Gold Mining
22:34 Stone Mining
22:33 Loom
25:38 Hand Cart
25:11 Town Watch
30:45 Ballistics
31:15 Gold Shaft Mining
33:24 Imperial Age
32:33 Leather Archer Armor
34:16 Bracer
35:18 Chemistry
34:41 Conscription
34:41 Paiks
34:37 Elite Elephant Archer
36:14 Ring Archer Armor
40:14 Scale Mail Armor
40:25 Forging
40:59 Mahayana
41:37 Siege Engineers
41:42 Masonry
41:27 Murder Holes
44:25 Scale Barding Armor
44:55 Iron Casting
45:55 Bloodlines
45:45 Husbandry
46:22 Coinage
45:58 Light Cavalry
47:42 Blast Furnace
47:02 Chain Barding Armor
50:28 Plate Barding Armor
50:09 Chain Mail Armor
52:05 Caravan
52:36 Banking
52:16 Guilds
52:10 Pikeman
52:36 Gambesons
52:51 Squires
52:36 Arson
66:00 Siege Elephant
Execute290
5:46 Loom
7:53 Feudal Age
11:38 Castle Age
10:35 Double-Bit Axe
11:00 Scale Mail Armor
11:28 Loom
11:56 Forging
21:10 Bow Saw
24:38 Horse Collar
26:05 Heavy Plow
27:18 Wheelbarrow
30:14 Imperial Age
28:38 Chain Mail Armor
29:05 Anarchy
29:21 Squires
30:34 Iron Casting
31:24 Conscription
31:15 Elite Huskarl
31:48 Pikeman
32:16 Halberdier
35:03 Perfusion
37:14 Blast Furnace
41:38 Man-at-Arms
42:17 Long Swordsman
44:05 Fletching
44:34 Two-Handed Swordsman
45:08 Champion
diavolomagro
7:07 Feudal Age
10:53 Castle Age
8:57 Double-Bit Axe
9:46 Horse Collar
12:21 Bow Saw
17:48 Bow Saw
17:50 Loom
18:29 Gold Mining
19:48 Wheelbarrow
21:32 Hand Cart
21:35 Bloodlines
21:25 Husbandry
21:32 Scale Barding Armor
27:06 Imperial Age
25:29 Chain Barding Armor
25:19 Forging
27:27 Gold Shaft Mining
26:54 Heavy Plow
26:46 Stone Mining
28:26 Chemistry
26:48 Cavalier
28:36 Conscription
28:16 Town Watch
29:37 Stone Shaft Mining
29:02 Savar
30:27 Plate Barding Armor
30:27 Town Patrol
32:26 Iron Casting
32:51 Padded Archer Armor
33:59 Two-Man Saw
36:33 Leather Archer Armor
37:19 Blast Furnace
40:25 Light Cavalry
42:56 Heavy Camel Rider
43:44 Scale Mail Armor
49:26 Ring Archer Armor
48:19 Pikeman
48:44 Gambesons
49:00 Squires
48:45 Arson
50:33 Chain Mail Armor
54:23 Halberdier
56:07 Plate Mail Armor
56:11 Fletching
58:17 Elite Skirmisher
59:00 Bodkin Arrow
66:56 Ballistics
Connection lost

Rejoining the realm…

Still unreachable

The connection could not be restored.

Session expired

The server has moved on; the page needs a fresh start.